 Dungeon Crawl Stone Soup version 0.31.0 (webtiles) character file.

Game seed: 12186988664410049748

149887 qw the Crack Shot (level 17, -11/116 HPs)
             Began as a Gargoyle Hunter on Jan 19, 2024.
             Was the Champion of Okawaru.
             Killed from afar by a will-o-the-wisp (24 damage)
             ... with a foxfire
             ... on level 1 of the Swamp.
             The game lasted 00:04:24 (25346 turns).

qw the Crack Shot (Gargoyle Hunter)                Turns: 25346, Time: 00:04:24

Health: -11/116    AC: 37    Str: 16    XL:     17   Next: 52%
Magic:  24/24      EV: 26    Int: 11    God:    Okawaru [******]
Gold:   1415       SH:  0    Dex: 30    Spells: 16/16 levels left

rFire   . . .        w - +2 triple crossbow (heavy)
rCold   . . .        (shield currently unavailable)
rNeg    + . .        h - +6 ring mail of Defiance {Will+ Dex+2}
rPois   inf          e - +2 helmet
rElec   +            s - +2 cloak
rCorr   +            D - +0 pair of fencer's gloves {Riposte Dex+3}
SInv    +            y - +2 pair of boots
Will    ++...        z - amulet of faith
Stlth   ++           t - ring "Quolawew" {rCorr EV+5 SInv}
HPRegen 0.39/turn    v - +6 ring of dexterity
MPRegen 0.19/turn

%: faith
@: about to teleport, flying
A: sickness immunity, AC +12, big wings, negative energy resistance 1,
electricity resistance, torment resistance 1, petrification resistance
a: Renounce Religion, Heroism, Finesse, Duel


You were on level 1 of the Swamp.
You worshipped Okawaru.
Okawaru was exalted by your worship.
You visited 6 branches of the dungeon, and saw 27 of its levels.
You also visited: Sewer.

You collected 2647 gold pieces.
You spent 1232 gold pieces at shops.


Innate Abilities, Weirdness & Mutations

You are immune to sickness and miasma.
Your stone body is resilient. (AC +12)
You are immune to poison.
Your large and strong wings let you fly.
You resist negative energy. (rN+)
You are resistant to electric shocks. (rElec)
You are resistant to unholy torment.
You are immune to petrification.


   Skills:
 - Level 16.5 Fighting
 + Level 21.2 Ranged Weapons
 - Level 10.0 Armour
 - Level 10.5 Dodging
 - Level 1.1 Stealth
 - Level 10.0 Invocations


You had 16 spell levels left.
You didn't know any spells.
Your spell library was empty.

Inventory:

Hand Weapons
 w - a +2 heavy triple crossbow (weapon)
Armour
 e - a +2 helmet (worn)
 h - the +6 ring mail of Defiance (worn) {Will+ Dex+2}
   (You found it on level 2 of the Dungeon)

   Dex+2:     It affects your dexterity (+2).
   Will+:     It increases your willpower.
 s - a +2 cloak (worn)
 y - a +2 pair of boots (worn)
 C - the +5 ring mail of Thoughtfulness {Str-2 Slay+3 SInv}
   (You found it on level 1 of the Spider Nest)

   Str-2:     It affects your strength (-2).
   Slay+3:    It affects your accuracy & damage with ranged weapons and melee
   (+3).
   SInv:      It lets you see invisible.
 D - the +0 pair of fencer's gloves (worn) {Riposte Dex+3}
   (You acquired it on level 2 of the Spider Nest)

   Riposte:   It allows the wearer to riposte with melee weapons, swiftly
   retaliating against missed or blocked melee attacks.
   Dex+3:     It affects your dexterity (+3).
Jewellery
 i - the ring of the Final Decision {*Corrode rN+ Str+4 Int-5 Dex+6}
   (You found it on level 3 of the Lair of Beasts)

   [ring of dexterity]

   Str+4:     It affects your strength (+4).
   Int-5:     It affects your intelligence (-5).
   Dex+6:     It affects your dexterity (+6).
   rN+:       It protects you from negative energy.
   *Corrode:  It may corrode you when you take damage.
 m - an amulet of reflection
 p - a ring of protection from fire
 t - the ring "Quolawew" (left hand) {rCorr EV+5 SInv}
   (You found it on level 12 of the Dungeon)

   [ring of evasion]

   EV+5:      It affects your evasion (+5).
   SInv:      It lets you see invisible.
   rCorr:     It protects you from acid and corrosion.
 v - a +6 ring of dexterity (right hand)
 z - an amulet of faith (around neck)
Wands
 c - a wand of polymorph (21)
 g - a wand of mindburst (12)
 x - a wand of roots (16)
 A - a wand of digging (7)
Scrolls
 n - 14 scrolls of identify
 o - 6 scrolls of teleportation
 B - a scroll of enchant armour
Potions
 a - 2 potions of magic
 b - 2 potions of resistance
 d - 14 potions of curing
 f - 8 potions of might
 j - 5 potions of mutation
 l - 8 potions of haste
 q - a potion of cancellation
 r - 3 potions of enlightenment

Dungeon Overview and Level Annotations

Branches:
Dungeon (15/15)            Temple (1/1) D:6            Lair (5/5) D:10
  Swamp (1/4) Lair:3       Spider (3/4) Lair:3        Slime (0/5) Lair:5
    Orc (2/2) D:12            Elf (0/3) Orc:2        Vaults (0/5) D:13
 Depths (0/4) D:15          Sewer (visited)

Altars:
Ashenzari
Cheibriados
Dithmenos
Elyvilon
Fedhas
Gozag
Hepliaklqana
Kikubaaqudgha
Makhleb
Nemelex Xobeh
Okawaru
Qazlal
Ru
Sif Muna
Trog
Uskayaw
Vehumet
Wu Jian
Xom
Yredelemnul
Zin
The Shining One

Shops:
D:3 :   D:8 (   D:11 !   Orc:2 :![=

Annotations:
D:6 2 transporters
D:8 2 transporters, qw's ghost, novice GrHu
D:9 1 runed translucent door


Message History

The forest starts to sway and rumble!
The tyrant leech attacks as it pursues you!
The tyrant leech closely misses you.
Enter note:
25341 ||| RETREEEEATING.
Enter note:
Enter note:
25342 ||| RETREEEEATING.
You shoot a bolt.
The will-o-the-wisp gives a chilling moan.
The bolt hits the tyrant leech!!!!
You kill the tyrant leech!
Okawaru accepts your kill. Branches wave dangerously above you.
Tree limbs sway around you.
The swamp worm no longer looks unusually strong.
The will-o-the-wisp gestures.
The will-o-the-wisp conjures some marshlight!
The swamp worm bites you but does no damage. 2 foxfires come into view.
You shoot a bolt. The bolt hits the swamp worm!!!!
You kill the swamp worm!
Okawaru accepts your kill. The foxfire hits you!
The foxfire hits you but does no damage.
The swamp worm fires a harpoon shot at you.
The harpoon shot misses you. The tyrant leech misses you.
You shoot a bolt.
The bolt hits the tyrant leech but does no damage.
You are hit by a branch!
A tree reaches out and hits you.
The swamp worm bites you but does no damage.
The will-o-the-wisp gestures.
The will-o-the-wisp conjures some marshlight!
The swamp worm barely misses you.
The tyrant leech barely misses you. 2 foxfires come into view.
25346 ||| READING 7 scrolls of teleportation.
As you read the scroll of teleportation, it crumbles to dust.
You feel strangely unstable.
You feel roots moving beneath the ground.
A root smacks you from below! The foxfire hits you!!
You die...

...~~.77.... 7%...7~....~
77..~.7$.~~7 777..........7
~~~~~ .7...~..)~.7777 .....
...~~~~~~~.77..7 ...~~~
.~~¤~~~%..~~~~~7777 ..~~~~.
.~~~~.~...$i~77¤..77 7777..~~~~.
.~.~....~~ww777@...7 7~7>..~~¤..
7...~...~~~~~7wwv~.777R)v......~
77.~~~...~~~.w.iv~.~7(i~......~.
~.~~~...¤~~.7..~¤v~7~.....~..7
.~~~~~77..777.~¤¤¤.~7.<...7....
..~~.


7777 7.~~~¤~77~~.%.7.... ..~ 7.~~~¤.7~¤~~~...~7 ~~.~......~~[~~.~7
7.....~~..~~~~~...~ You could see a tyrant leech, a spriggan druid, a
will-o-the-wisp and 2 swamp worms.

Vanquished Creatures
  Rupert (Lair:4)
  Frances (D:14)
  A ghost moth (Spider:3)
  An orc warlord (Orc:1)
  A broodmother (Spider:3)
  Nessos (D:14)
  An ironbound thunderhulk (D:13)
  A spark wasp (Spider:3)
  2 dire elephants
  An ice dragon (Lair:4)
  Harold (D:10)
  Fannar (D:12)
  A great orb of eyes (D:15)
  Josephine (D:15)
  A vault guard (D:13)
  3 hydras
  4 ogre magi (Orc:2)
  A jorogumo (Spider:3)
  An alligator (Lair:3)
  A catoblepas (D:13)
  3 radroaches (Spider:3)
  A ghost crab (Swamp:1)
  7 boulder beetles
  4 centaur warriors
  A death knight (D:15)
  6 death yaks (Lair:4)
  20 two-headed ogres
  A tengu warrior (D:9)
  3 demonic crawlers (Spider:2)
  Sonja (D:11)
  A skyshark (Lair:2)
  2 pharaoh ants (Spider:3)
  A sun moth (Spider:3)
  A goliath frog (Swamp:1)
  6 orb spiders
  3 spriggan druids
  An orc knight (D:15)
  4 deep elf pyromancers
  Pikel (D:9)
  7 steelbarb worms
  An oklob plant (Lair:3)
  11 wolf spiders
  3 will-o-the-wisps
  6 manticores
  An orc sorcerer (Orc:2)
  5 cyclopes
  12 ugly things
  Maurice (D:12)
  31 elephants
  A salamander (D:15)
  A moth of wrath (Spider:2)
  3 meliai (Spider:2)
  A meliai (shapeshifter) (D:9)
  A gargoyle (D:7)
  8 black mambas
  Jeremiah (D:9)
  16 cane toads
  A torpor snail (Spider:3)
  An unseen horror (D:7)
  Maggie (D:9)
  3 kobold demonologists
  5 komodo dragons
  2 efreet (D:13)
  Psyche (D:12)
  A queen bee (Spider:2)
  A tyrant leech (Swamp:1)
  7 hornets
  6 trolls
  A troll (shapeshifter) (D:13)
  14 tarantellas
  6 polar bears
  19 blink frogs
  10 dream sheep
  15 slime creatures
  19 jumping spiders
  3 wyverns
  2 shadows
  7 culicivoras
  15 spriggans
  A water elemental (D:15)
  6 wraiths
  2 vampires
  2 wargs (Orc:1)
  A human (D:13)
  52 yaks
  A basilisk (D:11)
  6 steam dragons
  29 redbacks
  9 vampire mosquitoes
  3 swamp worms (Swamp:1)
  16 water moccasins
  A meliai simulacrum (D:15)
  2 swamp drakes (Swamp:1)
  5 black bears
  4 ice beasts
  12 orc warriors
  2 sky beasts
  28 ogres
  22 wolves (Lair:5)
  A wolf (shapeshifter) (D:14)
  10 boggarts
  6 centaurs
  2 phantoms
  7 kobold brigands
  9 bullfrogs
  3 gnoll sergeants
  5 scorpions
  4 wights (D:9)
  27 killer bees
  3 electric eels
  3 howler monkeys
  3 bombardier beetles
  2 jellies
  12 orc priests
  4 gnoll boudas
  3 hounds
  Terence (D:3)
  3 iguanas
  19 orc wizards
  5 hell rats (Lair:3)
  22 gnolls
  11 adders
  5 river rats (Sewer)
  A shadow imp (D:7)
  7 white imps
  2 ufetubi (D:4)
  2 adder zombies (D:4)
  7 dart slugs
  56 orcs
  7 endoplasms
  4 giant cockroaches
  4 hobgoblins
  3 jackals (D:2)
  44 kobolds
  4 quokkas
  13 ball pythons
  5 bats
  5 frilled lizards
  10 goblins
  35 rats
  A foxfire (Lair:3)
927 creatures vanquished.

Vanquished Creatures (others)
  A jorogumo (Spider:2)
  A bloated husk (Swamp:1)
  A hornet (Swamp:1)
  2 orcs (Orc:2)
  28 foxfires
33 creatures vanquished.

Grand Total: 960 creatures vanquished

Notes
Turn   | Place    | Note
-------+----------+-------------------------------------------
     0 | D:1      | qw the Gargoyle Hunter began the quest for the Orb.
     0 | D:1      | Reached XP level 1. HP: 12/12 MP: 1/1
     0 | D:1      | 0 ||| qw: Version: 0.3-a-132-g3d54051
     0 | D:1      | 0 ||| qw: Game counter: 354
     0 | D:1      | 0 ||| qw: Melee chars always use a shield: true
     0 | D:1      | 0 ||| qw: God list: Okawaru
     0 | D:1      | 0 ||| qw: Allow faded altars: false
     0 | D:1      | 0 ||| qw: Do Orc after clearing Dungeon:15 true
     0 | D:1      | 0 ||| qw: Do second Lair branch before Depths: true
     0 | D:1      | 0 ||| qw: Lair rune preference: random
     0 | D:1      | 0 ||| qw: Goals: Normal
     0 | D:1      | 0 ||| PLANNING D:1-11
   171 | D:1      | Reached XP level 2. HP: 9/17 MP: 2/2
   802 | D:1      | 802 ||| READING 2 scrolls labelled ZUCASA YFAOB.
   802 | D:1      | 802 ||| ENCHANTING +0 shortbow.
   803 | D:1      | 803 ||| READING scroll of enchant weapon.
   803 | D:1      | 803 ||| ENCHANTING +1 shortbow.
   804 | D:1      | 804 ||| READING scroll labelled DOQ XUOCURELE.
   804 | D:1      | 804 ||| IDENTIFYING 3 fizzy puce potions
   805 | D:1      | 805 ||| DROPPING scroll of butterflies.
   826 | D:2      | 826 ||| STAIRDANCE
   835 | D:2      | 835 ||| STAIRDANCE
   890 | D:2      | 890 ||| READING scroll of enchant weapon.
   890 | D:2      | 890 ||| ENCHANTING +2 shortbow.
   904 | D:2      | Reached skill level 5 in Ranged Weapons
   904 | D:2      | Reached XP level 3. HP: 21/21 MP: 3/3
  1154 | D:2      | Reached skill level 3 in Fighting
  1155 | D:2      | Reached XP level 4. HP: 25/28 MP: 4/4
  1155 | D:2      | 1155 ||| FLEEEEING.
  1388 | D:2      | Identified the +6 ring mail of Defiance {Will+ Dex+2}
  1548 | D:2      | Found a faded altar of an unknown god.
  1673 | D:2      | 1673 ||| UPGRADING to +0 helmet.
  1678 | D:2      | 1678 ||| UPGRADING to +6 ring mail of Defiance {Will+
                  | Dex+2}.
  1688 | D:2      | 1688 ||| DROPPING +0 leather armour.
  1689 | D:2      | 1689 ||| UPGRADING to ring of protection from fire.
  1690 | D:2      | 1690 ||| UPGRADING to +4 ring of protection.
  1691 | D:2      | 1691 ||| DRINKING 2 murky clear potions.
  1692 | D:2      | 1692 ||| DROPPING potion of invisibility.
  1817 | D:3      | Reached skill level 1 in Armour
  1895 | D:3      | Reached XP level 5. HP: 32/32 MP: 5/5
  1898 | D:3      | Noticed Terence
  1914 | D:3      | Killed Terence
  1951 | D:3      | Found a glowing golden altar of the Shining One.
  2090 | D:3      | Reached skill level 6 in Ranged Weapons
  2090 | D:3      | 2090 ||| FLEEEEING.
  2092 | D:3      | HP: 8/32 [burnt (3)]
  2213 | D:3      | Found a hide-covered altar of Uskayaw.
  2249 | D:3      | Found Afolaej's Book Shoppe.
  2403 | D:3      | 2403 ||| READING 3 scrolls of identify.
  2403 | D:3      | 2403 ||| IDENTIFYING puce potion
  2404 | D:3      | 2404 ||| READING 2 scrolls of identify.
  2404 | D:3      | 2404 ||| IDENTIFYING smoky orange potion
  2405 | D:3      | 2405 ||| READING scroll of identify.
  2405 | D:3      | 2405 ||| IDENTIFYING silvery potion
  2406 | D:3      | 2406 ||| READING scroll labelled ZULLU OKEBATE.
  2406 | D:3      | 2406 ||| BRANDING +3 shortbow.
  2407 | D:3      | 2407 ||| READING scroll labelled YRCHAKL ULEMMOUCE.
  2408 | D:3      | 2408 ||| FLEEEEING.
  2410 | D:3      | 2410 ||| DRINKING 2 inky potions.
  2426 | D:4      | Noticed a centaur
  2428 | D:4      | 2428 ||| STAIRDANCE
  2430 | D:3      | Killed a centaur
  2431 | D:3      | Reached XP level 6. HP: 38/38 MP: 6/6
  2436 | D:4      | 2436 ||| STAIRDANCE
  2692 | D:4      | Reached skill level 7 in Ranged Weapons
  2692 | D:4      | Reached XP level 7. HP: 43/43 MP: 7/7
  2749 | D:4      | 2749 ||| FLEEEEING.
  2826 | D:4      | Found a basalt altar of Yredelemnul.
  2950 | D:4      | 2950 ||| UPGRADING to ring of see invisible.
  2952 | D:4      | 2952 ||| READING scroll labelled DUIRPH TAGO.
  2952 | D:4      | 2952 ||| ENCHANTING +0 helmet.
  2967 | D:5      | Entered Level 5 of the Dungeon
  2968 | D:5      | 2968 ||| PLANNING SEWER
  2972 | D:5      | Found a glowing drain.
  2985 | Sewer    | Entered a sewer
  3196 | Sewer    | Reached skill level 8 in Ranged Weapons
  3477 | Sewer    | 3477 ||| READING scroll labelled AWKITO YNIFRAO.
  3578 | Sewer    | 3578 ||| DRINKING 4 blue potions.
  3579 | Sewer    | 3579 ||| DRINKING 2 green potions.
  3580 | Sewer    | 3580 ||| DROPPING potion of brilliance.
  3612 | D:5      | 3612 ||| PLANNING D:1-11
  3660 | D:5      | Reached skill level 3 in Armour
  3660 | D:5      | Reached XP level 8. HP: 49/49 MP: 8/8
  3954 | D:5      | Found a snail-covered altar of Cheibriados.
  4130 | D:5      | 4130 ||| READING scroll labelled BOHYFUYMIG.
  4180 | D:6      | 4180 ||| STAIRDANCE
  4191 | D:6      | 4191 ||| STAIRDANCE
  4200 | D:6      | 4200 ||| STAIRDANCE
  4210 | D:6      | 4210 ||| STAIRDANCE
  4214 | D:5      | Reached skill level 9 in Ranged Weapons
  4214 | D:5      | 4214 ||| Stepping ~*~*~tactically~*~*~ (cloud).
  4218 | D:6      | 4218 ||| STAIRDANCE
  4248 | D:6      | 4248 ||| STAIRDANCE
  4317 | D:6      | Found a transporter.
  4389 | D:6      | Reached skill level 6 in Fighting
  4414 | D:6      | 4414 ||| READING scroll of enchant armour.
  4414 | D:6      | 4414 ||| ENCHANTING +1 helmet.
  4435 | D:6      | Found a transporter.
  4459 | D:6      | Found a shadowy altar of Dithmenos.
  4581 | D:6      | Reached XP level 9. HP: 55/55 MP: 9/9
  4668 | D:6      | Reached skill level 10 in Ranged Weapons
  4678 | D:6      | 4678 ||| READING scroll of enchant weapon.
  4678 | D:6      | 4678 ||| ENCHANTING +3 heavy shortbow.
  4729 | D:6      | Found a staircase to the Ecumenical Temple.
  4730 | D:6      | 4730 ||| PLANNING TEMPLE
  4730 | D:6      | 4730 ||| READING 2 scrolls of identify.
  4730 | D:6      | 4730 ||| IDENTIFYING cyan potion
  4731 | D:6      | 4731 ||| READING scroll of identify.
  4731 | D:6      | 4731 ||| IDENTIFYING viscous golden potion
  4732 | D:6      | 4732 ||| READING 3 scrolls labelled TARECEO DEAP.
  4733 | D:6      | 4733 ||| READING scroll labelled RUPPIPOHUM.
  4734 | D:6      | 4734 ||| READING scroll labelled KYOLOIBREN.
  4735 | D:6      | 4735 ||| FLEEEEING.
  4745 | D:6      | 4745 ||| STAIRDANCE
  4850 | D:5      | 4850 ||| DROPPING potion of magic.
  4851 | D:5      | 4851 ||| DROPPING potion of attraction.
  4852 | D:5      | 4852 ||| DROPPING 2 scrolls of immolation.
  4873 | Temple   | Entered the Ecumenical Temple
  4874 | Temple   | 4874 ||| PLANNING OKAWARU WORSHIP
  4907 | Temple   | Became a worshipper of Warmaster Okawaru
  4908 | Temple   | 4908 ||| PLANNING D:1-11
  5023 | D:7      | 5023 ||| STAIRDANCE
  5044 | D:7      | Reached skill level 3 in Dodging
  5157 | D:7      | 5157 ||| Stepping ~*~*~tactically~*~*~ (cloud).
  5165 | D:7      | Reached * piety under Okawaru
  5184 | D:7      | Reached skill level 1 in Invocations
  5301 | D:7      | 5301 ||| FLEEEEING.
  5447 | D:7      | 5447 ||| Stepping ~*~*~tactically~*~*~ (cloud).
  5456 | D:7      | Reached skill level 3 in Invocations
  5458 | D:7      | Reached ** piety under Okawaru
  5531 | D:7      | Noticed a kobold demonologist
  5532 | D:7      | 5532 ||| INVOKING Heroism.
  5538 | D:7      | Noticed a soul eater
  5538 | D:7      | Killed a kobold demonologist
  5539 | D:7      | Reached skill level 11 in Ranged Weapons
  5584 | D:7      | Reached XP level 10. HP: 63/63 MP: 13/13
  6041 | D:7      | 6041 ||| RETREEEEATING.
  6042 | D:7      | 6042 ||| RETREEEEATING.
  6061 | D:7      | HP: 14/64 [orc warrior/arrow (9)]
  6062 | D:7      | 6062 ||| READING 4 scrolls of teleportation.
  6063 | D:7      | 6063 ||| DRINKING 4 potions of heal wounds.
  6128 | D:7      | Reached *** piety under Okawaru
  6371 | D:7      | Noticed a gargoyle
  6373 | D:7      | 6373 ||| RETREEEEATING.
  6375 | D:7      | 6375 ||| INVOKING Heroism.
  6379 | D:7      | Killed a gargoyle
  6380 | D:7      | Reached skill level 12 in Ranged Weapons
  6484 | D:7      | 6484 ||| SWAPPING to +0 orcbow.
  6484 | D:7      | Noticed an unseen horror
  6488 | D:7      | Noticed a two-headed ogre
  6489 | D:7      | 6489 ||| RETREEEEATING.
  6490 | D:7      | 6490 ||| RETREEEEATING.
  6491 | D:7      | 6491 ||| INVOKING Heroism.
  6495 | D:7      | Noticed a green ugly thing
  6502 | D:7      | Killed a two-headed ogre
  6504 | D:7      | Killed an unseen horror
  6518 | D:7      | Killed a green ugly thing
  6519 | D:7      | Reached skill level 13 in Ranged Weapons
  6564 | D:7      | 6564 ||| FLEEEEING.
  6567 | D:7      | 6567 ||| FLEEEEING.
  6568 | D:7      | 6568 ||| STAIRDANCE
  6695 | D:6      | 6695 ||| DROPPING +4 heavy shortbow.
  6696 | D:6      | 6696 ||| READING scroll of brand weapon.
  6696 | D:6      | 6696 ||| BRANDING +0 orcbow.
  6709 | D:7      | 6709 ||| STAIRDANCE
  6716 | D:6      | 6716 ||| DRINKING 7 potions of curing.
  6716 | D:6      | 6716 ||| (to cure confusion)
  6730 | D:6      | 6730 ||| FLEEEEING.
  6802 | D:7      | 6802 ||| STAIRDANCE
  6805 | D:6      | Reached **** piety under Okawaru
  6852 | D:7      | Reached skill level 9 in Fighting
  6905 | D:7      | Reached XP level 11. HP: 71/71 MP: 14/14
  6946 | D:7      | 6946 ||| READING scroll labelled XINEICR QEAGE.
  6947 | D:7      | 6947 ||| FLEEEEING.
  6952 | D:7      | 6952 ||| STAIRDANCE
  6993 | D:6      | 6993 ||| DRINKING 2 glowing amethyst potions.
  7074 | D:8      | Found a flagged portal.
  7082 | D:8      | Found a transporter.
  7083 | D:8      | Found a transporter.
  7092 | D:8      | Noticed qw's ghost (novice GrHu)
  7107 | D:8      | Noticed a centaur warrior
  7185 | D:8      | 7185 ||| FLEEEEING.
  7231 | D:8      | Found Emmaif's Weapon Shop.
  7710 | D:8      | 7710 ||| READING scroll of identify.
  7710 | D:8      | 7710 ||| IDENTIFYING ruby potion
  7711 | D:8      | 7711 ||| READING scroll labelled WAIPHO HUCSYOR.
  7712 | D:8      | 7712 ||| READING scroll labelled TILLIGALUE.
  7713 | D:8      | 7713 ||| READING scroll labelled HYSKIMMOIS.
  7714 | D:8      | 7714 ||| DROPPING potion of degeneration.
  7746 | D:9      | 7746 ||| STAIRDANCE
  7752 | D:9      | 7752 ||| STAIRDANCE
  7757 | D:9      | 7757 ||| STAIRDANCE
  7771 | D:8      | 7771 ||| FLEEEEING.
  7808 | D:9      | 7808 ||| STAIRDANCE
  7813 | D:9      | 7813 ||| STAIRDANCE
  7818 | D:9      | 7818 ||| STAIRDANCE
  7827 | D:9      | 7827 ||| STAIRDANCE
  7838 | D:9      | 7838 ||| STAIRDANCE
  7874 | D:9      | 7874 ||| STAIRDANCE
  7920 | D:9      | 7920 ||| STAIRDANCE
  7954 | D:9      | Noticed Pikel
  7955 | D:9      | 7955 ||| RETREEEEATING.
  7956 | D:9      | 7956 ||| RETREEEEATING.
  7957 | D:9      | 7957 ||| INVOKING Finesse.
  7958 | D:9      | 7958 ||| INVOKING Finesse.
  7965 | D:9      | 7965 ||| RETREEEEATING.
  7966 | D:9      | 7966 ||| RETREEEEATING.
  7969 | D:9      | 7969 ||| RETREEEEATING.
  7970 | D:9      | 7970 ||| RETREEEEATING.
  7971 | D:9      | 7971 ||| RETREEEEATING.
  7972 | D:9      | 7972 ||| RETREEEEATING.
  7973 | D:9      | 7973 ||| RETREEEEATING.
  7974 | D:9      | Killed Pikel
  7975 | D:9      | Reached skill level 6 in Invocations
  8038 | D:9      | Noticed Maggie
  8052 | D:9      | Killed Maggie
  8194 | D:9      | 8194 ||| READING scroll of enchant weapon.
  8194 | D:9      | 8194 ||| ENCHANTING +0 orcbow of flaming.
  8231 | D:9      | 8231 ||| FLEEEEING.
  8265 | D:9      | Noticed a deep elf pyromancer
  8266 | D:9      | 8266 ||| INVOKING Finesse.
  8275 | D:9      | Killed a deep elf pyromancer
  8304 | D:9      | Found a runed translucent door.
  8335 | D:9      | 8335 ||| RETREEEEATING.
  8509 | D:9      | Noticed a two-headed ogre
  8513 | D:9      | 8513 ||| INVOKING Finesse.
  8513 | D:9      | Noticed a deep elf pyromancer
  8522 | D:9      | Reached skill level 14 in Ranged Weapons
  8527 | D:9      | Noticed a soul eater
  8528 | D:9      | Noticed a deep elf pyromancer
  8531 | D:9      | Killed a two-headed ogre
  8541 | D:9      | 8541 ||| RETREEEEATING.
  8553 | D:9      | Killed a deep elf pyromancer
  8569 | D:9      | Reached ***** piety under Okawaru
  8570 | D:9      | 8570 ||| FLEEEEING.
  8576 | D:9      | Killed a deep elf pyromancer
  8584 | D:9      | 8584 ||| FLEEEEING.
  8585 | D:9      | Noticed a boulder beetle
  8602 | D:9      | Killed a boulder beetle
  8602 | D:9      | Received a gift from Okawaru
  8606 | D:9      | Noticed a tengu warrior
  8607 | D:9      | 8607 ||| FLEEEEING.
  8762 | D:9      | 8762 ||| SWAPPING to +8 orcbow of flaming.
  8763 | D:9      | 8763 ||| DROPPING +1 orcbow of flaming.
  8774 | D:9      | 8774 ||| INVOKING Finesse.
  8791 | D:9      | Killed a tengu warrior
  8792 | D:9      | Reached skill level 9 in Invocations
  8792 | D:9      | Reached XP level 12. HP: 75/77 MP: 13/18
  8957 | D:9      | Noticed a two-headed ogre
  8958 | D:9      | 8958 ||| INVOKING Finesse.
  8963 | D:9      | Killed a two-headed ogre
  9045 | D:9      | 9045 ||| FLEEEEING.
  9102 | D:9      | Noticed Jeremiah
  9114 | D:9      | 9114 ||| UPGRADING to amulet of reflection.
  9129 | D:9      | 9129 ||| FLEEEEING.
  9141 | D:9      | Killed Jeremiah
  9171 | D:9      | Found a sacrificial altar of Ru.
  9202 | D:9      | Found a broken altar of Ashenzari.
  9448 | D:9      | 9448 ||| READING scroll labelled GOOGEM CETUCK.
  9470 | D:10     | Entered Level 10 of the Dungeon
  9475 | D:10     | 9475 ||| STAIRDANCE
  9565 | D:10     | Found a staircase to the Lair.
  9604 | D:10     | Found a shimmering altar of Xom.
  9731 | D:10     | Received a gift from Okawaru
  9734 | D:10     | Noticed Harold
  9735 | D:10     | 9735 ||| INVOKING Finesse.
  9743 | D:10     | Noticed a two-headed ogre
  9747 | D:10     | Noticed a two-headed ogre
  9750 | D:10     | Killed a two-headed ogre
  9757 | D:10     | Killed Harold
  9763 | D:10     | Killed a two-headed ogre
  9764 | D:10     | Reached skill level 15 in Ranged Weapons
  9863 | D:10     | 9863 ||| RETREEEEATING.
  9938 | D:10     | 9938 ||| FLEEEEING.
 10023 | D:10     | You fall into a shaft and drop 3 floors!
 10101 | D:13     | Noticed a two-headed ogre
 10102 | D:13     | 10102 ||| INVOKING Finesse.
 10107 | D:13     | Killed a two-headed ogre
 10206 | D:13     | Noticed a catoblepas
 10206 | D:13     | Noticed a centaur warrior
 10207 | D:13     | 10207 ||| INVOKING Finesse.
 10217 | D:13     | Killed a catoblepas
 10217 | D:13     | Received a gift from Okawaru
 10222 | D:13     | Killed a centaur warrior
 10306 | D:13     | 10306 ||| READING 2 scrolls of identify.
 10306 | D:13     | 10306 ||| IDENTIFYING clear potion
 10307 | D:13     | 10307 ||| READING scroll of identify.
 10307 | D:13     | 10307 ||| IDENTIFYING grey potion
 10308 | D:13     | 10308 ||| DROPPING potion of berserk rage.
 10312 | D:12     | Noticed a two-headed ogre
 10313 | D:12     | 10313 ||| INVOKING Finesse.
 10324 | D:12     | Reached skill level 16 in Ranged Weapons
 10327 | D:12     | Killed a two-headed ogre
 10328 | D:12     | Reached XP level 13. HP: 83/83 MP: 15/20
 10625 | D:10     | 10625 ||| PLANNING LAIR
 10688 | Lair:1   | Entered Level 1 of the Lair of Beasts
 10689 | Lair:1   | 10689 ||| STAIRDANCE
 10690 | Lair:1   | 10690 ||| RETREEEEATING.
 10691 | Lair:1   | 10691 ||| RETREEEEATING.
 10692 | Lair:1   | 10692 ||| RETREEEEATING.
 10693 | Lair:1   | 10693 ||| RETREEEEATING.
 10694 | Lair:1   | 10694 ||| RETREEEEATING.
 10706 | Lair:1   | 10706 ||| INVOKING Finesse.
 10724 | Lair:1   | Received a gift from Okawaru
 10725 | Lair:1   | 10725 ||| FLEEEEING.
 10730 | Lair:1   | 10730 ||| STAIRDANCE
 10878 | Lair:1   | 10878 ||| INVOKING Finesse.
 10879 | Lair:1   | 10879 ||| INVOKING Heroism.
 10965 | Lair:1   | 10965 ||| RETREEEEATING.
 10970 | Lair:1   | Reached skill level 12 in Fighting
 11068 | Lair:1   | 11068 ||| FLEEEEING.
 11069 | Lair:1   | 11069 ||| FLEEEEING.
 11070 | Lair:1   | 11070 ||| FLEEEEING.
 11071 | Lair:1   | 11071 ||| FLEEEEING.
 11072 | Lair:1   | 11072 ||| FLEEEEING.
 11073 | Lair:1   | 11073 ||| FLEEEEING.
 11080 | Lair:1   | 11080 ||| INVOKING Finesse.
 11081 | Lair:1   | 11081 ||| INVOKING Heroism.
 11663 | Lair:1   | 11663 ||| READING 2 scrolls of identify.
 11663 | Lair:1   | 11663 ||| IDENTIFYING scroll labelled VIAWIXZYULID
 11664 | Lair:1   | 11664 ||| DROPPING scroll of blinking.
 11842 | Lair:2   | Reached skill level 6 in Dodging
 11861 | Lair:2   | 11861 ||| INVOKING Finesse.
 11883 | Lair:2   | Noticed a dire elephant
 11914 | Lair:2   | Killed a dire elephant
 11930 | Lair:2   | 11930 ||| FLEEEEING.
 12008 | Lair:2   | 12008 ||| FLEEEEING.
 12010 | Lair:2   | 12010 ||| FLEEEEING.
 12011 | Lair:2   | 12011 ||| FLEEEEING.
 12012 | Lair:2   | 12012 ||| FLEEEEING.
 12013 | Lair:2   | 12013 ||| FLEEEEING.
 12014 | Lair:2   | 12014 ||| FLEEEEING.
 12015 | Lair:2   | 12015 ||| STAIRDANCE
 12128 | Lair:2   | Received a gift from Okawaru
 12174 | Lair:2   | 12174 ||| RETREEEEATING.
 12175 | Lair:2   | 12175 ||| RETREEEEATING.
 12176 | Lair:2   | 12176 ||| RETREEEEATING.
 12177 | Lair:2   | 12177 ||| RETREEEEATING.
 12178 | Lair:2   | 12178 ||| RETREEEEATING.
 12179 | Lair:2   | 12179 ||| RETREEEEATING.
 12180 | Lair:2   | 12180 ||| RETREEEEATING.
 12197 | Lair:2   | Reached skill level 6 in Armour
 12304 | Lair:2   | 12304 ||| RETREEEEATING.
 12306 | Lair:2   | 12306 ||| INVOKING Finesse.
 12543 | Lair:2   | Gained mutation: Your large and strong wings let you fly.
                  | [Gargoyle growth]
 12543 | Lair:2   | Reached XP level 14. HP: 94/94 MP: 21/21
 12563 | Lair:2   | 12563 ||| RETREEEEATING.
 12564 | Lair:2   | 12564 ||| RETREEEEATING.
 12565 | Lair:2   | 12565 ||| RETREEEEATING.
 12601 | Lair:2   | 12601 ||| RETREEEEATING.
 12602 | Lair:2   | 12602 ||| RETREEEEATING.
 12603 | Lair:2   | 12603 ||| RETREEEEATING.
 12604 | Lair:2   | 12604 ||| RETREEEEATING.
 12605 | Lair:2   | 12605 ||| RETREEEEATING.
 12606 | Lair:2   | 12606 ||| RETREEEEATING.
 12607 | Lair:2   | 12607 ||| RETREEEEATING.
 12608 | Lair:2   | 12608 ||| RETREEEEATING.
 12609 | Lair:2   | 12609 ||| RETREEEEATING.
 12610 | Lair:2   | 12610 ||| RETREEEEATING.
 12611 | Lair:2   | 12611 ||| INVOKING Finesse.
 12848 | Lair:2   | 12848 ||| UPGRADING to +0 pair of boots.
 12853 | Lair:2   | 12853 ||| READING 2 scrolls of enchant armour.
 12853 | Lair:2   | 12853 ||| ENCHANTING +0 pair of boots.
 12854 | Lair:2   | 12854 ||| READING scroll of enchant armour.
 12854 | Lair:2   | 12854 ||| ENCHANTING +1 pair of boots.
 12892 | Lair:3   | 12892 ||| STAIRDANCE
 12911 | Lair:3   | 12911 ||| STAIRDANCE
 13137 | Lair:3   | 13137 ||| READING 5 scrolls of identify.
 13137 | Lair:3   | 13137 ||| IDENTIFYING amethyst potion
 13138 | Lair:3   | 13138 ||| DROPPING potion of ambrosia.
 13155 | Lair:3   | 13155 ||| FLEEEEING.
 13207 | Lair:3   | Identified the +1 robe "Akanie" {rN+ Int+3}
 13216 | Lair:3   | Identified the ring of the Final Decision {*Corrode rN+
                  | Str+4 Int-5 Dex+6}
 13338 | Lair:3   | 13338 ||| FLEEEEING.
 13339 | Lair:3   | 13339 ||| STAIRDANCE
 13369 | Lair:2   | 13369 ||| DROPPING ring of positive energy.
 13370 | Lair:2   | 13370 ||| DROPPING ring of ice.
 13371 | Lair:2   | 13371 ||| UPGRADING to ring of the Final Decision {*Corrode
                  | rN+ Str+4 Int-5 Dex+6}.
 13373 | Lair:2   | 13373 ||| DROPPING ring of willpower.
 13374 | Lair:2   | 13374 ||| DROPPING ring of see invisible.
 13688 | Lair:3   | 13688 ||| RETREEEEATING.
 13689 | Lair:3   | 13689 ||| RETREEEEATING.
 13691 | Lair:3   | 13691 ||| INVOKING Finesse.
 13713 | Lair:3   | HP: 19/96 [disintegration (31)]
 13714 | Lair:3   | 13714 ||| READING 6 scrolls of teleportation.
 13715 | Lair:3   | 13715 ||| DRINKING 4 potions of heal wounds.
 13718 | Lair:3   | Received a gift from Okawaru
 14035 | Lair:3   | Found a hole to the Spider Nest.
 14232 | Lair:3   | Found a staircase to the Swamp.
 14270 | Lair:4   | 14270 ||| STAIRDANCE
 14272 | Lair:3   | 14272 ||| FLEEEEING.
 14504 | Lair:4   | 14504 ||| RETREEEEATING.
 14505 | Lair:4   | 14505 ||| RETREEEEATING.
 14506 | Lair:4   | 14506 ||| RETREEEEATING.
 14511 | Lair:4   | 14511 ||| INVOKING Finesse.
 14533 | Lair:4   | Reached skill level 9 in Dodging
 14599 | Lair:4   | Noticed Rupert
 14600 | Lair:4   | 14600 ||| INVOKING Finesse.
 14601 | Lair:4   | Paralysed by Rupert for 2 turns
 14607 | Lair:4   | 14607 ||| INVOKING Heroism.
 14616 | Lair:4   | Killed Rupert
 14661 | Lair:4   | 14661 ||| RETREEEEATING.
 14662 | Lair:4   | 14662 ||| RETREEEEATING.
 14663 | Lair:4   | 14663 ||| RETREEEEATING.
 14664 | Lair:4   | 14664 ||| RETREEEEATING.
 14665 | Lair:4   | 14665 ||| RETREEEEATING.
 14666 | Lair:4   | 14666 ||| RETREEEEATING.
 14667 | Lair:4   | 14667 ||| RETREEEEATING.
 14668 | Lair:4   | 14668 ||| RETREEEEATING.
 14669 | Lair:4   | 14669 ||| RETREEEEATING.
 14670 | Lair:4   | 14670 ||| RETREEEEATING.
 14671 | Lair:4   | 14671 ||| RETREEEEATING.
 14672 | Lair:4   | 14672 ||| RETREEEEATING.
 14673 | Lair:4   | 14673 ||| RETREEEEATING.
 14674 | Lair:4   | 14674 ||| RETREEEEATING.
 14675 | Lair:4   | 14675 ||| RETREEEEATING.
 14676 | Lair:4   | 14676 ||| INVOKING Finesse.
 14720 | Lair:4   | 14720 ||| FLEEEEING.
 14732 | Lair:4   | 14732 ||| FLEEEEING.
 15038 | Lair:4   | 15038 ||| Stepping ~*~*~tactically~*~*~ (cloud).
 15056 | Lair:4   | 15056 ||| FLEEEEING.
 15270 | Lair:4   | 15270 ||| RETREEEEATING.
 15275 | Lair:4   | 15275 ||| RETREEEEATING.
 15276 | Lair:4   | 15276 ||| RETREEEEATING.
 15277 | Lair:4   | 15277 ||| RETREEEEATING.
 15278 | Lair:4   | 15278 ||| RETREEEEATING.
 15279 | Lair:4   | 15279 ||| RETREEEEATING.
 15280 | Lair:4   | 15280 ||| RETREEEEATING.
 15281 | Lair:4   | 15281 ||| RETREEEEATING.
 15282 | Lair:4   | 15282 ||| RETREEEEATING.
 15283 | Lair:4   | 15283 ||| RETREEEEATING.
 15284 | Lair:4   | 15284 ||| RETREEEEATING.
 15285 | Lair:4   | 15285 ||| RETREEEEATING.
 15286 | Lair:4   | 15286 ||| RETREEEEATING.
 15287 | Lair:4   | 15287 ||| RETREEEEATING.
 15288 | Lair:4   | 15288 ||| RETREEEEATING.
 15289 | Lair:4   | 15289 ||| INVOKING Finesse.
 15296 | Lair:4   | Reached skill level 15 in Fighting
 15699 | Lair:5   | Entered Level 5 of the Lair of Beasts
 15705 | Lair:5   | Received a gift from Okawaru
 15708 | Lair:5   | Reached XP level 15. HP: 103/103 MP: 22/22
 15827 | Lair:5   | Found a staircase to the Slime Pits.
 16009 | Lair:5   | 16009 ||| RETREEEEATING.
 16010 | Lair:5   | 16010 ||| RETREEEEATING.
 16011 | Lair:5   | 16011 ||| RETREEEEATING.
 16012 | Lair:5   | 16012 ||| RETREEEEATING.
 16013 | Lair:5   | 16013 ||| RETREEEEATING.
 16216 | Lair:5   | Received a gift from Okawaru
 16545 | Lair:5   | 16545 ||| PLANNING D:1-11
 16545 | Lair:5   | 16545 ||| DROPPING +2 helmet.
 16649 | D:11     | Noticed Sonja
 16654 | D:11     | Killed Sonja
 16772 | D:11     | Found Wyetsimp's Distillery.
 16780 | D:11     | 16780 ||| BUYING potion of curing (45 gold).
 16780 | D:11     | Bought a potion of curing for 45 gold pieces
 16780 | D:11     | 16780 ||| BUYING potion of heal wounds (75 gold).
 16780 | D:11     | Bought a potion of heal wounds for 75 gold pieces
 16780 | D:11     | 16780 ||| BUYING potion of magic (120 gold).
 16780 | D:11     | Bought a potion of magic for 120 gold pieces
 16780 | D:11     | 16780 ||| BUYING potion of might (60 gold).
 16780 | D:11     | Bought a potion of might for 60 gold pieces
 16780 | D:11     | 16780 ||| BUYING potion of mutation (120 gold).
 16780 | D:11     | Bought a potion of mutation for 120 gold pieces
 16825 | D:11     | 16825 ||| FLEEEEING.
 16831 | D:11     | 16831 ||| FLEEEEING.
 17109 | D:11     | Reached skill level 9 in Armour
 17335 | D:11     | 17335 ||| PLANNING D
 17355 | D:12     | 17355 ||| STAIRDANCE
 17361 | D:12     | 17361 ||| STAIRDANCE
 17374 | D:12     | Noticed Maurice
 17379 | D:12     | Killed Maurice
 17437 | D:12     | Identified the ring "Quolawew" {rCorr EV+5 SInv}
 17493 | D:12     | Noticed Psyche
 17494 | D:12     | Noticed Fannar
 17500 | D:12     | Killed Psyche
 17512 | D:12     | Killed Fannar
 17651 | D:12     | Found a staircase to the Orcish Mines.
 17701 | D:12     | 17701 ||| UPGRADING to +1 cloak.
 17706 | D:12     | 17706 ||| UPGRADING to ring "Quolawew" {rCorr EV+5 SInv}.
 17708 | D:12     | 17708 ||| UPGRADING to +6 ring of dexterity.
 17710 | D:12     | 17710 ||| DROPPING +4 ring of protection.
 17800 | D:13     | 17800 ||| INVOKING Finesse.
 17811 | D:13     | Received a gift from Okawaru
 17900 | D:13     | 17900 ||| FLEEEEING.
 17901 | D:13     | 17901 ||| FLEEEEING.
 17902 | D:13     | 17902 ||| FLEEEEING.
 17903 | D:13     | 17903 ||| FLEEEEING.
 17917 | D:13     | 17917 ||| FLEEEEING.
 18155 | D:13     | 18155 ||| READING scroll of enchant armour.
 18155 | D:13     | 18155 ||| ENCHANTING +1 cloak.
 18196 | D:13     | 18196 ||| RETREEEEATING.
 18270 | D:13     | Found a gate to the Vaults.
 18279 | D:13     | 18279 ||| READING scroll of enchant weapon.
 18279 | D:13     | 18279 ||| ENCHANTING +8 orcbow of flaming.
 18407 | D:14     | Noticed Frances
 18408 | D:14     | 18408 ||| INVOKING Finesse.
 18418 | D:14     | Killed Frances
 18419 | D:14     | Noticed Nessos
 18424 | D:14     | Killed Nessos
 18442 | D:14     | 18442 ||| STAIRDANCE
 18444 | D:13     | 18444 ||| FLEEEEING.
 18456 | D:14     | 18456 ||| STAIRDANCE
 18471 | D:14     | 18471 ||| STAIRDANCE
 18497 | D:14     | 18497 ||| SWAPPING to +1 longbow of flaming.
 18498 | D:14     | 18498 ||| DROPPING +9 orcbow of flaming.
 18535 | D:14     | 18535 ||| RETREEEEATING.
 18543 | D:14     | 18543 ||| RETREEEEATING.
 18544 | D:14     | 18544 ||| RETREEEEATING.
 18545 | D:14     | 18545 ||| RETREEEEATING.
 18547 | D:14     | 18547 ||| RETREEEEATING.
 18552 | D:14     | Received a gift from Okawaru
 18555 | D:14     | 18555 ||| RETREEEEATING.
 18556 | D:14     | 18556 ||| RETREEEEATING.
 18558 | D:14     | 18558 ||| INVOKING Finesse.
 18604 | D:14     | HP: 6/105 [white ugly thing (25)]
 18605 | D:14     | 18605 ||| READING 6 scrolls of teleportation.
 18606 | D:14     | 18606 ||| DRINKING 5 potions of heal wounds.
 18862 | D:14     | 18862 ||| FLEEEEING.
 19250 | D:15     | Entered Level 15 of the Dungeon
 19291 | D:15     | 19291 ||| RETREEEEATING.
 19292 | D:15     | 19292 ||| RETREEEEATING.
 19297 | D:15     | 19297 ||| INVOKING Finesse.
 19308 | D:15     | Noticed Josephine
 19313 | D:15     | Killed Josephine
 19325 | D:15     | Reached XP level 16. HP: 69/111 MP: 19/23
 19544 | D:15     | 19544 ||| FLEEEEING.
 19612 | D:15     | 19612 ||| RETREEEEATING.
 19617 | D:15     | Reached skill level 17 in Ranged Weapons
 19640 | D:15     | 19640 ||| FLEEEEING.
 19645 | D:15     | 19645 ||| FLEEEEING.
 19646 | D:15     | 19646 ||| FLEEEEING.
 19647 | D:15     | 19647 ||| FLEEEEING.
 19648 | D:15     | 19648 ||| FLEEEEING.
 19649 | D:15     | 19649 ||| FLEEEEING.
 19650 | D:15     | 19650 ||| FLEEEEING.
 19651 | D:15     | 19651 ||| FLEEEEING.
 19652 | D:15     | 19652 ||| FLEEEEING.
 19653 | D:15     | 19653 ||| FLEEEEING.
 19768 | D:15     | Identified the +3 mace of the Tiger {venom, Str+2 Int+2}
 19786 | D:15     | Found an ancient bone altar of Kikubaaqudgha.
 19802 | D:15     | 19802 ||| FLEEEEING.
 19864 | D:15     | 19864 ||| READING scroll of enchant weapon.
 19864 | D:15     | 19864 ||| ENCHANTING +1 longbow of flaming.
 20287 | D:15     | Found a staircase to the Depths.
 20388 | D:15     | 20388 ||| PLANNING ORC
 20452 | Orc:1    | Entered Level 1 of the Orcish Mines
 20516 | Orc:1    | 20516 ||| FLEEEEING.
 20517 | Orc:1    | 20517 ||| FLEEEEING.
 20518 | Orc:1    | 20518 ||| FLEEEEING.
 20519 | Orc:1    | 20519 ||| FLEEEEING.
 20520 | Orc:1    | 20520 ||| STAIRDANCE
 20744 | Orc:2    | Entered Level 2 of the Orcish Mines
 20745 | Orc:2    | 20745 ||| STAIRDANCE
 20770 | Orc:1    | 20770 ||| FLEEEEING.
 20771 | Orc:1    | 20771 ||| STAIRDANCE
 20904 | Orc:2    | 20904 ||| STAIRDANCE
 20924 | Orc:2    | 20924 ||| STAIRDANCE
 20933 | Orc:2    | 20933 ||| STAIRDANCE
 20959 | Orc:2    | 20959 ||| STAIRDANCE
 21170 | Orc:2    | 21170 ||| RETREEEEATING.
 21174 | Orc:2    | 21174 ||| RETREEEEATING.
 21175 | Orc:2    | 21175 ||| RETREEEEATING.
 21176 | Orc:2    | 21176 ||| RETREEEEATING.
 21177 | Orc:2    | Received a gift from Okawaru
 21179 | Orc:2    | 21179 ||| RETREEEEATING.
 21181 | Orc:2    | 21181 ||| RETREEEEATING.
 21182 | Orc:2    | 21182 ||| RETREEEEATING.
 21184 | Orc:2    | 21184 ||| RETREEEEATING.
 21185 | Orc:2    | 21185 ||| RETREEEEATING.
 21193 | Orc:2    | Reached ****** piety under Okawaru
 21194 | Orc:2    | 21194 ||| INVOKING Receive Weapon.
 21194 | Orc:2    | 21194 ||| ACQUIRING +2 heavy triple crossbow
 21194 | Orc:2    | Acquired a +2 heavy triple crossbow
 21194 | Orc:2    | Received a gift from Okawaru
 21195 | Orc:2    | 21195 ||| INVOKING Receive Armour.
 21195 | Orc:2    | 21195 ||| ACQUIRING scarf of Muttered Phrases {+Inv,
                  | Rampage}
 21195 | Orc:2    | Acquired the scarf of Muttered Phrases {+Inv, Rampage}
 21195 | Orc:2    | Received a gift from Okawaru
 21197 | Orc:2    | 21197 ||| SWAPPING to +2 heavy triple crossbow.
 21198 | Orc:2    | 21198 ||| DROPPING +2 longbow of flaming.
 21204 | Orc:2    | 21204 ||| RETREEEEATING.
 21206 | Orc:2    | 21206 ||| FLEEEEING.
 21207 | Orc:2    | 21207 ||| FLEEEEING.
 21208 | Orc:2    | 21208 ||| FLEEEEING.
 21210 | Orc:2    | 21210 ||| RETREEEEATING.
 21212 | Orc:2    | 21212 ||| RETREEEEATING.
 21215 | Orc:2    | 21215 ||| INVOKING Finesse.
 21216 | Orc:2    | 21216 ||| RETREEEEATING.
 21220 | Orc:2    | 21220 ||| RETREEEEATING.
 21227 | Orc:2    | Reached skill level 18 in Ranged Weapons
 21227 | Orc:2    | HP: 27/111 [ogre mage/+0 spear (11)]
 21228 | Orc:2    | 21228 ||| READING 5 scrolls of teleportation.
 21229 | Orc:2    | 21229 ||| DRINKING 4 potions of heal wounds.
 21230 | Orc:2    | 21230 ||| DRINKING 3 potions of heal wounds.
 21469 | Orc:2    | Found Qiatsiu's Jewellery Boutique.
 21471 | Orc:2    | Found Ziet's Armour Shoppe.
 21471 | Orc:2    | Found Xaysieck's Book Shop.
 21471 | Orc:2    | Found Redirch's Distillery.
 21479 | Orc:2    | 21479 ||| BUYING amulet of faith (560 gold).
 21479 | Orc:2    | Bought an amulet of faith for 560 gold pieces
 21480 | Orc:2    | 21480 ||| BUYING potion of curing (54 gold).
 21480 | Orc:2    | Bought a potion of curing for 54 gold pieces
 21480 | Orc:2    | 21480 ||| BUYING potion of curing (54 gold).
 21480 | Orc:2    | Bought a potion of curing for 54 gold pieces
 21480 | Orc:2    | 21480 ||| BUYING potion of curing (54 gold).
 21480 | Orc:2    | Bought a potion of curing for 54 gold pieces
 21480 | Orc:2    | 21480 ||| BUYING potion of enlightenment (90 gold).
 21480 | Orc:2    | Bought a potion of enlightenment for 90 gold pieces
 21483 | Orc:2    | 21483 ||| UPGRADING to amulet of faith.
 21505 | Orc:2    | 21505 ||| RETREEEEATING.
 21506 | Orc:2    | 21506 ||| RETREEEEATING.
 21507 | Orc:2    | 21507 ||| RETREEEEATING.
 21509 | Orc:2    | 21509 ||| RETREEEEATING.
 21511 | Orc:2    | 21511 ||| RETREEEEATING.
 21514 | Orc:2    | 21514 ||| RETREEEEATING.
 21515 | Orc:2    | 21515 ||| RETREEEEATING.
 21516 | Orc:2    | 21516 ||| RETREEEEATING.
 21517 | Orc:2    | 21517 ||| RETREEEEATING.
 21518 | Orc:2    | 21518 ||| RETREEEEATING.
 21519 | Orc:2    | 21519 ||| RETREEEEATING.
 21521 | Orc:2    | 21521 ||| RETREEEEATING.
 21522 | Orc:2    | 21522 ||| RETREEEEATING.
 21523 | Orc:2    | 21523 ||| RETREEEEATING.
 21524 | Orc:2    | 21524 ||| RETREEEEATING.
 21525 | Orc:2    | 21525 ||| RETREEEEATING.
 21526 | Orc:2    | 21526 ||| RETREEEEATING.
 21527 | Orc:2    | 21527 ||| RETREEEEATING.
 21528 | Orc:2    | 21528 ||| RETREEEEATING.
 21529 | Orc:2    | 21529 ||| RETREEEEATING.
 21530 | Orc:2    | 21530 ||| RETREEEEATING.
 21531 | Orc:2    | 21531 ||| RETREEEEATING.
 21533 | Orc:2    | 21533 ||| INVOKING Finesse.
 21630 | Orc:2    | Received a gift from Okawaru
 21672 | Orc:2    | Found a staircase to the Elven Halls.
 21898 | Orc:2    | 21898 ||| PLANNING SPIDER:1-3
 22062 | Spider:1 | Entered Level 1 of the Spider Nest
 22130 | Spider:1 | 22130 ||| RETREEEEATING.
 22134 | Spider:1 | 22134 ||| RETREEEEATING.
 22135 | Spider:1 | 22135 ||| RETREEEEATING.
 22151 | Spider:1 | 22151 ||| FLEEEEING.
 22244 | Spider:1 | 22244 ||| RETREEEEATING.
 22245 | Spider:1 | 22245 ||| DRINKING 14 potions of curing.
 22245 | Spider:1 | 22245 ||| (to cure confusion)
 22246 | Spider:1 | 22246 ||| RETREEEEATING.
 22247 | Spider:1 | 22247 ||| RETREEEEATING.
 22248 | Spider:1 | 22248 ||| RETREEEEATING.
 22386 | Spider:1 | Reached skill level 19 in Ranged Weapons
 22490 | Spider:1 | Identified the +5 ring mail of Thoughtfulness {Str-2 Slay+3
                  | SInv}
 22651 | Spider:1 | 22651 ||| FLEEEEING.
 22863 | Spider:1 | 22863 ||| UPGRADING to +0 pair of gloves.
 22868 | Spider:1 | 22868 ||| READING scroll of enchant armour.
 22868 | Spider:1 | 22868 ||| ENCHANTING +0 pair of gloves.
 22869 | Spider:1 | 22869 ||| DROPPING amulet of regeneration.
 22919 | Spider:2 | Received a gift from Okawaru
 22959 | Spider:2 | Identified a scroll of acquirement
 22964 | Spider:2 | 22964 ||| READING scroll of acquirement.
 22964 | Spider:2 | 22964 ||| ACQUIRING +0 pair of fencer's gloves {Riposte
                  | Dex+3}
 22964 | Spider:2 | Acquired the +0 pair of fencer's gloves {Riposte Dex+3}
 22964 | Spider:2 | Found the +0 pair of fencer's gloves {Riposte Dex+3}
 22966 | Spider:2 | 22966 ||| UPGRADING to +0 pair of fencer's gloves {Riposte
                  | Dex+3}.
 22986 | Spider:2 | 22986 ||| FLEEEEING.
 23070 | Spider:2 | 23070 ||| DROPPING +1 pair of gloves.
 23134 | Spider:2 | 23134 ||| RETREEEEATING.
 23135 | Spider:2 | 23135 ||| RETREEEEATING.
 23140 | Spider:2 | 23140 ||| RETREEEEATING.
 23141 | Spider:2 | 23141 ||| RETREEEEATING.
 23144 | Spider:2 | 23144 ||| RETREEEEATING.
 23145 | Spider:2 | 23145 ||| RETREEEEATING.
 23146 | Spider:2 | 23146 ||| RETREEEEATING.
 23147 | Spider:2 | 23147 ||| RETREEEEATING.
 23148 | Spider:2 | 23148 ||| RETREEEEATING.
 23149 | Spider:2 | 23149 ||| RETREEEEATING.
 23150 | Spider:2 | 23150 ||| RETREEEEATING.
 23155 | Spider:2 | Reached XP level 17. HP: 47/116 MP: 24/24
 23158 | Spider:2 | Received a gift from Okawaru
 23161 | Spider:2 | 23161 ||| FLEEEEING.
 23196 | Spider:2 | 23196 ||| FLEEEEING.
 23291 | Spider:2 | 23291 ||| FLEEEEING.
 23293 | Spider:2 | 23293 ||| STAIRDANCE
 23345 | Spider:1 | 23345 ||| DROPPING +5 ring of evasion.
 23426 | Spider:2 | Reached skill level 20 in Ranged Weapons
 23703 | Spider:3 | Identified the +10 long sword of Doom {heavy, rN+}
 23710 | Spider:3 | 23710 ||| INVOKING Finesse.
 23953 | Spider:3 | Received a gift from Okawaru
 24073 | Spider:3 | 24073 ||| FLEEEEING.
 24236 | Spider:3 | 24236 ||| FLEEEEING.
 24829 | Spider:3 | 24829 ||| PLANNING SWAMP:1-3
 24829 | Spider:3 | 24829 ||| DROPPING +2 hat.
 24965 | Swamp:1  | Entered Level 1 of the Swamp
 24974 | Swamp:1  | 24974 ||| RETREEEEATING.
 24976 | Swamp:1  | 24976 ||| RETREEEEATING.
 24977 | Swamp:1  | 24977 ||| RETREEEEATING.
 24978 | Swamp:1  | 24978 ||| STAIRDANCE
 24980 | Lair:3   | 24980 ||| FLEEEEING.
 25175 | Swamp:1  | 25175 ||| STAIRDANCE
 25183 | Lair:3   | Reached skill level 21 in Ranged Weapons
 25185 | Lair:3   | 25185 ||| FLEEEEING.
 25285 | Swamp:1  | 25285 ||| STAIRDANCE
 25308 | Swamp:1  | 25308 ||| RETREEEEATING.
 25309 | Swamp:1  | 25309 ||| RETREEEEATING.
 25311 | Swamp:1  | 25311 ||| RETREEEEATING.
 25312 | Swamp:1  | 25312 ||| RETREEEEATING.
 25316 | Swamp:1  | HP: 16/116 [will-o-the-wisp/foxfire (15)]
 25317 | Swamp:1  | 25317 ||| READING 8 scrolls of teleportation.
 25318 | Swamp:1  | 25318 ||| DRINKING 2 potions of heal wounds.
 25319 | Swamp:1  | 25319 ||| DRINKING potion of heal wounds.
 25325 | Swamp:1  | 25325 ||| FLEEEEING.
 25336 | Swamp:1  | 25336 ||| RETREEEEATING.
 25337 | Swamp:1  | 25337 ||| RETREEEEATING.
 25338 | Swamp:1  | 25338 ||| RETREEEEATING.
 25339 | Swamp:1  | 25339 ||| RETREEEEATING.
 25340 | Swamp:1  | 25340 ||| RETREEEEATING.
 25341 | Swamp:1  | 25341 ||| RETREEEEATING.
 25342 | Swamp:1  | 25342 ||| RETREEEEATING.
 25345 | Swamp:1  | HP: 29/116 [spriggan druid/angry trees (10)]
 25346 | Swamp:1  | 25346 ||| READING 7 scrolls of teleportation.
 25346 | Swamp:1  | HP: 13/116 [spriggan druid/angry trees (11)]
 25346 | Swamp:1  | Killed from afar by a will-o-the-wisp

Levels and vault maps discovered:
D:1:      dpeg_arrival_another_circle, layout_basic
D:2:      layout_basic, ebering_ecumenical_altar_abandoned,
          hangedman_abyss_or_decor_lesser_grid, reono_crystal_passage,
          ebering_dispersal_statue_hall, grunt_ministairs_13,
          chequers_serial_rivers_micro_d
D:3:      layout_basic, nicolae_uskayaw_suspiria,
          mainiacjoe_overflow_cross_hatched, serial_shops, shop, uniq_terence
D:4:      layout_cave_pools, lemuel_zombie_altar_yredelemnul
D:5:      layout_loops_ring, kennysheep_slug_shrine,
          cheibrodos_sewer_entry_drain
D:6:      gammafunk_steamed_eel, layout_rooms,
          nicolae_dithmenos_through_a_glass_darkly,
          minmay_temple_entry_poolview, kennysheep_generic_room_7
D:7:      nzn_winding_woodlands_stair_cross [nzn_winding_woodlands_5x15_jagged,
          nzn_winding_woodlands_center_pierced_h,
          nzn_winding_woodlands_5x15_eye, nzn_winding_woodlands_5x5_three,
          nzn_winding_woodlands_5x5_checkerboard,
          nzn_winding_woodlands_5x15_default,
          nzn_winding_woodlands_center_triple_pond,
          nzn_winding_woodlands_5x15_pockets], layout_layer_cave,
          grunt_decor_one_mirror, minmay_manual_macuahuitl
D:8:      layout_loops_ring, nzn_ghost_randoct, enter_bailey_2, serial_shops,
          shop
D:9:      minmay_the_grid_triangle_9x9_rhombus_full
          [minmay_the_grid_triangle_9x9_steps,
          minmay_the_grid_triangle_9x9_thin_v,
          minmay_the_grid_triangle_9x9_zippers_vertical,
          minmay_the_grid_triangle_9x9_subtriangle,
          minmay_the_grid_triangle_9x9_corruption,
          minmay_the_grid_triangle_9x9_flanged_cone,
          minmay_the_grid_triangle_9x9_corrupted_corridor,
          minmay_the_grid_triangle_9x9_prize_insulated], layout_rooms,
          ashenzari_altar_1, lemuel_doored_altar, nicolae_wwwww, uniq_jeremiah,
          uniq_maggie, uniq_pikel
D:10:     layout_roguey, nicolae_overflow_crystal_walls, david_lair_generic,
          nicolae_phantomly_mirrored, uniq_harold
D:11:     layout_basic, serial_shops, nicolae_shop_crystal, uniq_sonja
D:12:     layout_rooms, orc_0_dummy, uniq_psyche, uniq_maurice, uniq_fannar
D:13:     layout_irregular_city, hellmonk_vaults_keyhole, grunt_ogre_cave
D:14:     layout_cross, amcnicky_mini_pool_small, uniq_frances, uniq_nessos
D:15:     hangedman_depths_entry_try_elsewhere_first, layout_basic,
          nicolae_kikubaaqudgha_miasma_corner, uniq_josephine
Temple:   compressed_dpeg_circular_temple
Lair:1:   layout_roguey, serial_bayou_shore_a
Lair:2:   mu_elephants_graveyard, layout_cave_shapes, grunt_megastairs_2
Lair:3:   layout_layer_cave, mainiacjoe_swamp_entry_angry_trees,
          nicolae_spider_entry_orb_guardian, minmay_lair_oklob_items,
          serial_bayou_crossing
Lair:4:   layout_cave_pods, bobbens_ice_dragon_lair, uniq_rupert
Lair:5:   minmay_lair_end_enchanted_forest, layout_gridlike, slime_entry_1,
          infiniplex_staircase_pool_2, lemuel_fruit_fields
Swamp:1:  layout_basic_swamp, evilmike_swamp_ruin_house_1
Spider:1: layout_spider_delve
Spider:2: layout_spider_delve, special_room [special_room_bee]
Spider:3: nicolae_spider_hilbert_zone_2 [nicolae_spider_hilbert_4_sides_1_open,
          nicolae_spider_hilbert_4_sides_1_open,
          nicolae_spider_hilbert_4_sides_1_open,
          nicolae_spider_hilbert_4_sides_1_open,
          nicolae_spider_hilbert_6_sides_1_open,
          nicolae_spider_hilbert_6_sides_1_open,
          nicolae_spider_hilbert_3_sides_1_open,
          nicolae_spider_hilbert_3_sides_1_open,
          nicolae_spider_hilbert_3_sides_1_open,
          nicolae_spider_hilbert_3_sides_1_open,
          nicolae_spider_hilbert_6_sides_1_open,
          nicolae_spider_hilbert_6_sides_1_open,
          nicolae_spider_hilbert_6_sides_1_open,
          nicolae_spider_hilbert_6_sides_1_open]
Orc:1:    layout_caves, basic_altar
Orc:2:    st_orc_ogre_mass, layout_caves

Skill      XL: |  1  2  3  4  5  6  7  8  9 10 11 12 13 14 15 16 17 |
---------------+----------------------------------------------------+-----
Ranged Weapons | 5 6 7 8 9 11 13 14 16 19 21 | 21.2
Fighting       | 3 4 5 6 7 9 10 13 15 16 | 16.5
Armour         | 1 3 4 6 8 10 | 10.0
Dodging        | 2 3 4 5 7 9 10 | 10.5
Invocations    | 4 9 10 | 10.0
Stealth        | |  1.1

Action                     |  1- 3 |  4- 6 |  7- 9 | 10-12 | 13-15 | 16-18 || total
---------------------------+-------+-------+-------+-------+-------+-------++-------
   Fire: Shortbow          |    86 |   108 |   315 |    62 |       |       ||   571
         Orcbow            |       |       |       |   600 |  1151 |       ||  1751
         Longbow           |       |       |       |       |   112 |   214 ||   326
         Triple crossbow   |       |       |       |       |       |   393 ||   393
 Invoke: Heroism           |       |       |     1 |     2 |     3 |       ||     6
         Finesse           |       |       |       |     9 |    15 |     3 ||    27
         Receive Weapon    |       |       |       |       |       |     1 ||     1
         Receive Armour    |       |       |       |       |       |     1 ||     1
    Use: Scroll            |     4 |     5 |    10 |    11 |     8 |     6 ||    44
         Potion            |       |     2 |     2 |     3 |     2 |     5 ||    14
 Armour: Leather armour    |    27 |     6 |       |       |       |       ||    33
         Ring mail         |       |    28 |   288 |   330 |   288 |   323 ||  1257
  Dodge: Dodged            |    18 |    23 |   224 |   204 |   279 |   824 ||  1572
  Block: Other             |       |       |       |    11 |    80 |    45 ||   136
         Reflection        |       |       |       |     3 |     1 |       ||     4

Table legend:
 A = Non-vault XP
 B = Vault XP
 C = Vault XP percentage of total XP
 D = Non-vault monster count
 E = Vault monster count
 F = Vault count percentage of total count
                 A         B        C        D         E       F
            +---------+---------+-------+---------+---------+-------
      Total |  125844 |   88281 |  41.2 |     616 |     311 |  33.5
            +---------+---------+-------+---------+---------+-------
        D:1 |      24 |       0 |   0.0 |      17 |       0 |   0.0
        D:2 |      81 |       1 |   1.2 |      26 |       1 |   3.7
        D:3 |     243 |      38 |  13.5 |      18 |       1 |   5.3
        D:4 |     311 |      11 |   3.4 |      22 |       2 |   8.3
        D:5 |     977 |       7 |   0.7 |      26 |       4 |  13.3
        D:6 |     362 |     568 |  61.1 |       9 |       5 |  35.7
        D:7 |    1435 |    4889 |  77.3 |      20 |      30 |  60.0
        D:8 |    1646 |       0 |   0.0 |      33 |       0 |   0.0
        D:9 |    1980 |    8547 |  81.2 |      20 |      24 |  54.5
       D:10 |    3393 |    3759 |  52.6 |      18 |       9 |  33.3
       D:11 |    2003 |     776 |  27.9 |      25 |       1 |   3.8
       D:12 |    7218 |    1766 |  19.7 |      29 |       3 |   9.4
       D:13 |    4999 |    5505 |  52.4 |      20 |       9 |  31.0
       D:14 |    6458 |    2445 |  27.5 |      19 |       2 |   9.5
       D:15 |    8137 |    4431 |  35.3 |      26 |       8 |  23.5
     Lair:1 |    6283 |       0 |   0.0 |      20 |       0 |   0.0
     Lair:2 |    7091 |   10168 |  58.9 |      27 |      25 |  48.1
     Lair:3 |    8251 |    3830 |  31.7 |      32 |       7 |  17.9
     Lair:4 |   14884 |    2893 |  16.3 |      32 |       5 |  13.5
     Lair:5 |    6878 |    7861 |  53.3 |      22 |      45 |  67.2
    Swamp:1 |    5327 |       0 |   0.0 |      15 |       0 |   0.0
   Spider:1 |   10766 |       0 |   0.0 |      41 |       0 |   0.0
   Spider:2 |   15136 |    2320 |  13.3 |      37 |      12 |  24.5
   Spider:3 |    7041 |   11475 |  62.0 |      11 |      22 |  66.7
      Orc:1 |    3364 |       0 |   0.0 |      29 |       0 |   0.0
      Orc:2 |    1556 |   16645 |  91.5 |      22 |      39 |  63.9
      Sewer |       0 |     346 | 100.0 |       0 |      57 | 100.0
            +---------+---------+-------+---------+---------+-------
